 Dungeon Crawl Stone Soup version 0.30-a0-908-g5a111fc481 (webtiles) character file.

Game seed: 10265541944378495240

1880 Dirian the Carver (level 8, -2/73 HPs)
             Began as a Minotaur Fighter on Mar 19, 2023.
             Was a Follower of Makhleb.
             Slain by a steam dragon (7 damage)
             ... on level 7 of the Dungeon.
             The game lasted 00:10:57 (4760 turns).

Dirian the Carver (Minotaur Fighter)                Turns: 4760, Time: 00:10:58

Health: -2/73      AC: 17    Str: 22    XL:     8   Next: 91%
Magic:  7/7        EV: 12    Int:  5    God:    Makhleb [*.....]
Gold:   101        SH:  6    Dex: 11    Spells: 7/7 levels left

rFire   . . .      SeeInvis .    e - +1 double sword (protect)
rCold   . . .      Faith    .    c - +1 buckler
rNeg    . . .      Spirit   .    x - +0 chain mail
rPois   +          Reflect  .    (helmet restricted)
rElec   .          Rampage  .    (no cloak)
rCorr   .                        (no gloves)
Will    .....                    (no boots) Stlth
                                 (no amulet)
HPRegen 0.32/turn                i - +5 ring of evasion
MPRegen 0.10/turn                o - ring of poison resistance

@: under a protective aura
A: horns 2, retaliatory headbutt
a: Renounce Religion


You were on level 7 of the Dungeon.
You worshipped Makhleb.
Makhleb was aware of your devotion.
You visited 1 branch of the dungeon, and saw 7 of its levels.

You collected 329 gold pieces.
You spent 228 gold pieces at shops.

Inventory:

Hand Weapons
 a - a +0 long sword
 e - a +1 double sword of protection (weapon)
 j - a +2 morningstar of protection
Missiles
 f - 4 boomerangs (quivered)
Armour
 c - a +1 buckler (worn)
 x - a +0 chain mail (worn)
Jewellery
 h - a ring of fire
 i - a +5 ring of evasion (left hand)
 l - a ring of positive energy
 o - a ring of poison resistance (right hand)
Wands
 b - a wand of flame (23)
 w - a wand of polymorph (11)
 C - a wand of quicksilver (10)
Scrolls
 g - a scroll of acquirement
 m - a scroll of torment
 p - a scroll of fog
 s - 2 scrolls of magic mapping
 t - 3 scrolls of teleportation
 z - a scroll of blinking
Potions
 d - 3 potions of flight
 k - 3 potions of brilliance
 n - a potion of resistance
 q - a potion of curing
 u - 3 potions of lignification
 v - a potion of invisibility
 B - a potion of magic {unknown}


   Skills:
 + Level 7.0 Fighting
 + Level 10.0 Long Blades
 + Level 7.6 Armour
 + Level 5.4 Shields
 * Level 0.2 Invocations


You had 7 spell levels left.
You didn't know any spells.
Your spell library contained the following spells:

 Spells                   Type           Power      Damage    Failure   Level
 Sandblast                Erth           0%         2d4       99%         1
 Cigotuvi's Dreadful Rot  Necr/Pois/Air  0%         N/A       100%        2
 Passwall                 Tmut/Erth      0%         N/A       100%        2
 Hailstorm                Conj/Ice       0%         3d3       100%        3
 Portal Projectile        Hex/Tloc       0%         N/A       100%        3
 Stone Arrow              Conj/Erth      0%         3d7       100%        3
 Tukima's Dance           Hex            0%         N/A       100%        3
 Dispel Undead            Necr           0%         3d6       100%        4
 Ice Form                 Ice/Tmut       0%         N/A       100%        4
 Blade Hands              Tmut           0%         N/A       100%        5
 Death Channel            Necr           0%         N/A       100%        6
 Simulacrum               Ice/Necr       0%         N/A       100%        6


Dungeon Overview and Level Annotations

Branches:
Dungeon (7/15) Zot: 26956  Temple (0/1) D:4

Altars:
Makhleb
Ru
Vehumet

Shops:
D:6 :!


Innate Abilities, Weirdness & Mutations

You have a pair of horns on your head.
You reflexively headbutt those who attack you in melee.


Message History

You hit the gnoll sergeant.
You kill the gnoll sergeant!
Makhleb accepts your kill. The gnoll hits you with a +0 whip.
The gnoll misses you.
Your Long Blades skill increases to level 10!
You closely miss the steam dragon. Your headbutt misses the steam dragon.
The gnoll hits you with a +0 whip.
The gnoll hits you from afar with a +0 halberd.
The steam dragon breathes steam at you. The ball of steam hits you!
You slash the steam dragon!
The steam dragon is heavily wounded.
You are engulfed in a cloud of scalding steam.
You block the gnoll's attack. The gnoll barely misses you.
You block the steam dragon's attack.
The steam dragon claws you but does no damage.
You closely miss the steam dragon.
You headbutt the steam dragon, but do no damage.
The steam dragon is heavily wounded.
You are engulfed in a cloud of scalding steam.
The gnoll hits you but does no damage. You block the gnoll's attack.
The steam dragon bites you. The steam dragon closely misses you.
You barely miss the steam dragon.
The steam dragon is heavily wounded.
You are engulfed in a cloud of scalding steam.
* * * LOW HITPOINT WARNING * * *
You block the gnoll's attack. The gnoll closely misses you.
You block the steam dragon's attack.
The steam dragon claws you but does no damage.
You hit the steam dragon.
The steam dragon is heavily wounded.
You are engulfed in a cloud of scalding steam.
The gnoll barely misses you.
The gnoll hits you from afar with a +0 halberd.
* * * LOW HITPOINT WARNING * * *
The steam dragon breathes steam at you. The ball of steam hits you!
* * * LOW HITPOINT WARNING * * *
The steam dragon bites you!
You die...

.# #. .....# ..## #.
.....#
...$##.##.....##
#.....#.#.......#
#...#...#.......#
+....#...........
#.........g.....#
#.......@Dg.....# #
#........§......#
#.#####...).########
#).....#<......#
#.....##..###.#
#.........# #
#.).†<....#
##.######## #:


You could see a steam dragon (catching breath) and 2 gnolls.

Vanquished Creatures
  Grinder (D:3)
  Sigmund (D:3)
  Menkaure (D:6)
  Duvessa (D:4)
  An ogre (D:5)
  4 phantoms
  A bullfrog (D:7)
  A gnoll sergeant (D:7)
  2 scorpions
  Dowan (D:4)
  A howler monkey (D:6)
  4 jellies
  2 sleepcaps (D:6)
  Jessica (D:2)
  Ijyb (D:4)
  Terence (D:3)
  3 iguanas
  8 gnolls
  6 adders
  A shadow imp (D:6)
  A white imp (D:7)
  A worm (D:5)
  4 dart slugs
  8 orcs
  9 endoplasms
  7 goblins
  7 hobgoblins
  4 jackals (D:1)
  3 quokkas
  5 ball pythons
  6 bats
  4 frilled lizards
  11 kobolds
  8 rats
120 creatures vanquished.

Vanquished Creatures (others)
  12 plants
12 creatures vanquished.

Grand Total: 132 creatures vanquished

Notes
Turn   | Place    | Note
-------+----------+-------------------------------------------
     0 | D:1      | Dirian the Minotaur Fighter began the quest for the Orb.
     0 | D:1      | Reached XP level 1. HP: 19/19 MP: 0/0
   182 | D:1      | Reached XP level 2. HP: 27/27 MP: 1/1
   673 | D:1      | Reached XP level 3. HP: 30/33 MP: 2/2
   678 | D:1      | Reached skill level 3 in Long Blades
   907 | D:2      | Noticed a scorpion
   914 | D:2      | Killed a scorpion
   915 | D:2      | Reached skill level 4 in Long Blades
   915 | D:2      | Reached XP level 4. HP: 41/41 MP: 3/3
  1153 | D:2      | Found a faded altar of an unknown god.
  1451 | D:3      | Noticed Jessica
  1464 | D:2      | Killed Jessica
  1465 | D:2      | Reached XP level 5. HP: 46/47 MP: 4/4
  1521 | D:3      | Identified a scroll of acquirement
  1548 | D:3      | Noticed Terence
  1558 | D:3      | Reached skill level 5 in Armour
  1571 | D:3      | Killed Terence
  1617 | D:3      | Noticed Sigmund
  1637 | D:3      | Killed Sigmund
  1638 | D:3      | Reached skill level 5 in Fighting
  1638 | D:3      | Reached skill level 5 in Long Blades
  1638 | D:3      | Reached XP level 6. HP: 29/56 MP: 5/5
  1895 | D:3      | Noticed Grinder
  1906 | D:3      | Reached skill level 6 in Long Blades
  1921 | D:3      | Paralysed by Grinder for 5 turns
  1929 | D:3      | Killed Grinder
  1930 | D:3      | Reached XP level 7. HP: 28/61 MP: 6/6
  2444 | D:4      | Reached skill level 7 in Long Blades
  2506 | D:4      | Found a sacrificial altar of Ru.
  2554 | D:4      | Found a burning altar of Makhleb.
  2641 | D:4      | Found a radiant altar of Vehumet.
  2921 | D:4      | Became a worshipper of Makhleb the Destroyer
  2956 | D:4      | Noticed Duvessa
  2964 | D:4      | Killed Duvessa
  2966 | D:4      | Noticed Dowan
  2975 | D:4      | Killed Dowan
  3081 | D:4      | Noticed Ijyb
  3082 | D:4      | Paralysed by Ijyb for 2 turns
  3085 | D:4      | Paralysed by Ijyb for 3 turns
  3092 | D:4      | Killed Ijyb
  3177 | D:4      | Found a staircase to the Ecumenical Temple.
  3209 | D:5      | Entered Level 5 of the Dungeon
  3266 | D:5      | Reached skill level 8 in Long Blades
  3266 | D:5      | Reached XP level 8. HP: 43/70 MP: 7/7
  3606 | D:5      | Reached skill level 5 in Shields
  3794 | D:5      | Reached skill level 9 in Long Blades
  3899 | D:6      | Found Isseahud's Self-Improvement Boutique.
  3907 | D:6      | Noticed Menkaure
  3932 | D:6      | Killed Menkaure
  3966 | D:6      | Identified the +0 plate armour of Untold Secrets {Will-
                  | Str+4 Int-4 Dex+5}
  4243 | D:6      | Found Noggaoti's Distillery.
  4261 | D:6      | Bought 2 potions of lignification for 72 gold pieces
  4261 | D:6      | Bought a potion of flight for 36 gold pieces
  4261 | D:6      | Bought a potion of resistance for 120 gold pieces
  4723 | D:7      | Reached * piety under Makhleb
  4755 | D:7      | Reached skill level 10 in Long Blades
  4760 | D:7      | Slain by a steam dragon

Illustrated notes

Levels and vault maps discovered:
D:1:      minmay_arrival_stair_chambers, layout_loops_ring
D:2:      layout_rooms, ebering_ecumenical_altar_webs, minmay_ruptured
D:3:      layout_rooms, serial_bayou, serial_bayou_shore_b, serial_bayou_pond_c,
          serial_bayou_pond_d, serial_bayou_pond_c, uniq_terence, uniq_sigmund,
          uniq_grinder, uniq_jessica
D:4:      layout_gridville, vehumet_crystals,
          mainiacjoe_overflow_catch_the_wave, temple_statues, uniq_ijyb,
          uniq_duvessa
D:5:      layout_basic, serial_bayou_lake_a
D:6:      cheibrodos_quashed, layout_rooms, serial_shops, shop,
          nicolae_shop_self_help, uniq_menkaure
D:7:      layout_basic, elyvilon_altar_4, uniq_prince_ribbit1

Skill      XL: |  1  2  3  4  5  6  7  8 |
---------------+-------------------------+-----
Armour         | 4 5 6 7 |  7.6
Fighting       | 4 5 6 7 |  7.0
Long Blades    | 4 5 6 8 10 | 10.0
Shields        | 4 5 |  5.4
Invocations    | |  0.2

Action                     |  1- 3 |  4- 6 |  7- 9 || total
---------------------------+-------+-------+-------++-------
  Melee: Long sword        |    84 |    58 |       ||   142
         Headbutt          |     5 |    14 |    26 ||    45
         Double sword      |       |    46 |   153 ||   199
    Use: Scroll            |       |     8 |     8 ||    16
         Potion            |       |     1 |     2 ||     3
 Armour: Scale mail        |    44 |    37 |     3 ||    84
         Chain mail        |       |       |    35 ||    35
  Dodge: Dodged            |    53 |    64 |    67 ||   184
  Block: Buckler           |    27 |    18 |    39 ||    84

Table legend: (Time is in decaauts)
 A = Elapsed time spent in this place.
 B = Non-inter-level travel time spent in this place.
 C = Inter-level travel time spent in this place.
 D = Time resting spent in this place.
 E = Time spent auto-exploring this place.
 F = Levels seen in this place.
 G = Mean time per level.
                   A        B        C        D        E       F      G
               +--------+--------+--------+--------+--------+-----+--------+
         Total |   4877 |   4606 |    271 |    100 |   3446 |   7 |  696.7 |
       Dungeon |   4877 |   4606 |    271 |    100 |   3446 |   7 |  696.7 |
               +--------+--------+--------+--------+--------+-----+--------+

Top non-repeatable levels by time:
     D:3: 990 daAuts
     D:6: 826 daAuts
     D:1: 806 daAuts
     D:4: 783 daAuts
     D:2: 714 daAuts
     D:5: 712 daAuts
     D:7: 43 daAuts
